 Dungeon Crawl Stone Soup version 0.24-a0-84-g25a2d9f (webtiles) character file.

Game seed: 18443148480963219558

155 Kairos the Shield-Bearer (level 5, -2/28 HPs)
             Began as a Vine Stalker Fighter on Feb 7, 2019.
             Killed by divine providence
             ... invoked by an orc priest
              (9 damage)
             ... on level 3 of the Dungeon.
             The game lasted 00:04:28 (2247 turns).

Kairos the Shield-Bearer (Vine Stalker Fighter)     Turns: 2247, Time: 00:04:29

Health: -2/28      AC:  7    Str: 26    XL:     5   Next: 37%
Magic:  0/6        EV:  8    Int:  8    God:
Gold:   207        SH: 10    Dex: 13    Spells: 4/4 levels left

rFire    . . .     SeeInvis .   e - +0 whip
rCold    . . .     Gourm    .   c - +0 shield
rNeg     . . .     Faith    .   b - +0 scale mail
rPois    .         Spirit   +   (no helmet)
rElec    .         Reflect  .   (no cloak)
rCorr    .         Harm     .   (no gloves)
MR       .....                  (no boots)
Stlth    ..........             r - amulet of rage
HPRegen  0.49/turn              k - +6 ring of strength
MPRegen  0.10/turn              j - +1 ring of protection

@: no status effects
A: fangs 2, regeneration 1, magic shield, antimagic bite, no potion heal 3, rot
immunity
a: Evoke Berserk Rage


You were on level 3 of the Dungeon.
You were not hungry.

You visited 1 branch of the dungeon, and saw 3 of its levels.

You collected 207 gold pieces.

Inventory:

Hand Weapons
 a - a +0 war axe
 e - a +0 whip (weapon)
Missiles
 n - 19 bolts
Armour
 b - a +0 scale mail (worn)
 c - a +0 shield (worn)
Jewellery
 j - a +1 ring of protection (right hand)
 k - a +6 ring of strength (left hand)
 r - an amulet of rage (around neck)
Wands
 q - a wand of digging (2)
Scrolls
 h - 2 scrolls of remove curse
 p - a scroll of random uselessness {unknown}
Potions
 d - 2 potions of might
 g - a potion of flight
 i - 2 potions of curing
 l - a potion of heal wounds {unknown}
 m - a potion of berserk rage {unknown}
 o - 2 potions of resistance {unknown}
Comestibles
 f - 3 rations


   Skills:
 + Level 3.3 Fighting
 + Level 2.0(2.2) Axes
 + Level 1.1(1.7) Maces & Flails
 + Level 3.2 Armour
 + Level 1.2 Dodging
 + Level 0.1 Stealth
 + Level 3.4 Shields


You had 4 spell levels left.
You didn't know any spells.
Your spell library was empty.

Dungeon Overview and Level Annotations

Branches:
Dungeon (3/15)

Altars:

Annotations:
D:3 Sigmund


Innate Abilities, Weirdness & Mutations

You have extremely sharp teeth.
Your natural rate of healing is unusually fast.
When hurt, damage is shared between your health and your magic reserves.
Your bite disrupts and absorbs the magic of your enemies.
Potions cannot restore your health.
You are immune to rotting.


Message History

Your bite misses the orc priest.
The orc priest is moderately wounded.
The orc priest hits you but does no damage.
You hit the orc priest.
The orc priest is moderately wounded.
The orc priest mumbles some strange prayers to Beogh against you.
Beogh smites you!
* * * LOW HITPOINT WARNING * * *
Your shield and scale mail prevent you from hitting the orc priest.
The orc priest is moderately wounded.
The orc priest hits you but does no damage.
You hit the orc priest. Your bite misses the orc priest.
The orc priest is heavily wounded.
The orc priest hits you but does no damage.
You hit the orc priest but do no damage.
You bite the orc priest, but do no damage.
The orc priest is heavily wounded.
The orc priest invokes the aid of Beogh against you.
Beogh smites you!
You die...

.. ... #.. #.#
##########..# #.#
#..........# #.#
#.#...##..# #o#
#.#..<...# #o#
#........# #o#
#........## #@#
##.........### #.#
#......#...... #.#
#..###.#....†# #.#
#..#.........# #.#
#..#...#.....#
#.###......>......
#.#...............
#........##.......
########.##.......


You could see an orc priest, an orc wizard and an orc.

Vanquished Creatures
  A worker ant (D:2)
  4 adders
  2 oozes
  4 worms
  2 dart slugs
  2 leopard geckos
  2 orcs (D:3)
  A ball python (D:2)
  7 bats
  3 giant cockroaches
  5 goblins
  6 hobgoblins (D:1)
  10 jackals
  3 frilled lizards
  7 kobolds
  6 rats
65 creatures vanquished.

Vanquished Creatures (others)
  3 toadstools (D:1)
3 creatures vanquished.

Grand Total: 68 creatures vanquished

Notes
Turn   | Place    | Note
-------+----------+-------------------------------------------
     0 | D:1      | Kairos the Vine Stalker Fighter began the quest for the
                  | Orb.
     0 | D:1      | Reached XP level 1. HP: 11/11 MP: 2/2
    57 | D:1      | Reached XP level 2. HP: 11/16 MP: 3/3
   738 | D:1      | Reached XP level 3. HP: 19/19 MP: 4/4
  1409 | D:2      | Gained mutation: Your natural rate of healing is unusually
                  | fast. [Vine Stalker growth]
  1409 | D:2      | Reached XP level 4. HP: 24/24 MP: 5/5
  1550 | D:2      | Reached skill level 1 in Dodging
  1638 | D:2      | Reached XP level 5. HP: 25/28 MP: 6/6
  1952 | D:3      | Noticed Sigmund
  2063 | D:3      | Reached skill level 1 in Maces & Flails
  2247 | D:3      | Killed from afar by an orc priest

Levels and vault maps discovered:

Skill      XL: |  1  2  3  4  5 |
---------------+----------------+-----
Shields        | 3 |  3.4
Axes           | 2 |  2.0
Fighting       | 3 |  3.3
Armour         | 3 |  3.2
Dodging        | 1 |  1.2
Maces & Flails | 1 |  1.1
Stealth        | |  0.1

Action                   |  1- 3 |  4- 6 || total
-------------------------+-------+-------++-------
Melee: Whip              |   164 |   110 ||   274
       Bite              |    76 |    33 ||   109
       War axe           |     3 |       ||     3
  Use: Scroll            |       |     3 ||     3
  Eat: Chunk             |     1 |     4 ||     5
Armor: Scale mail        |    54 |    44 ||    98
Dodge: Dodged            |    33 |    36 ||    69
Block: Shield            |    60 |    47 ||   107

Table legend:
 A = Non-vault XP
 B = Vault XP
 C = Vault XP percentage of total XP
 D = Non-vault monster count
 E = Vault monster count
 F = Vault count percentage of total count
                 A         B        C        D         E       F
            +---------+---------+-------+---------+---------+-------
      Total |     215 |       7 |   3.2 |      61 |       4 |   6.2
            +---------+---------+-------+---------+---------+-------
        D:1 |      57 |       6 |   9.5 |      25 |       3 |  10.7
        D:2 |     132 |       0 |   0.0 |      27 |       0 |   0.0
        D:3 |      26 |       1 |   3.7 |       9 |       1 |  10.0
            +---------+---------+-------+---------+---------+-------
